 Dungeon Crawl Stone Soup version 0.22.1-2-g9c5b331383 (webtiles) character file.

140 Ponchio the Magician (level 5, -7/28 HPs)
             Began as a Deep Elf Fire Elementalist on Dec 9, 2018.
             Killed by nerve-wracking pain
             ... invoked by an orc priest
              (12 damage)
             ... on level 3 of the Dungeon.
             The game lasted 00:24:01 (3852 turns).

Ponchio the Magician (Deep Elf Fire Elementalist)   Turns: 3852, Time: 00:24:01

Health: -7/28      AC:  2    Str:  5    XL:     5   Next: 2%
Magic:  9/16       EV: 13    Int: 20    God:
Gold:   184        SH:  0    Dex: 16    Spells: 10/18 levels left

rFire    . . .     SeeInvis .   n - +2 dagger (speed)
rCold    . . .     Gourm    .   (no shield)
rNeg     . . .     Faith    .   a - +0 robe
rPois    .         Spirit   .   (no helmet)
rElec    .         Reflect  .   (no cloak)
rCorr    .         Harm     .   (no gloves)
MR       .....                  (no boots)
Stlth    ++........             (no amulet)
HPRegen  0.09/turn              (no ring)
MPRegen  0.15/turn              (no ring)

@: very slightly contaminated
A: no striking features
a: no special abilities


You were on level 3 of the Dungeon.
You were hungry.

You visited 1 branch of the dungeon, and saw 3 of its levels.

You collected 184 gold pieces.

Inventory:

Hand Weapons
 n - a +2 dagger of speed (weapon)
Missiles
 f - 7 tomahawks (quivered)
Armour
 a - a +0 robe (worn)
Scrolls
 b - a scroll of enchant armour {unknown}
 h - a scroll of random uselessness {unknown}
 i - 2 scrolls of identify {unknown}
 k - a scroll of magic mapping {unknown}
 m - a scroll of immolation {unknown}
Potions
 d - 2 potions of magic {unknown}
 g - a potion of agility {unknown}
 j - 3 potions of heal wounds {unknown}
 l - 2 potions of brilliance {unknown}
Comestibles
 c - 3 rations


   Skills:
 - Level 2.4 Dodging
 - Level 2.4 Stealth
 + Level 7.1 Spellcasting
 + Level 1.1 Conjurations
 + Level 3.3 Fire Magic


You had 10 spell levels left.
You knew the following spells:

 Your Spells              Type           Power        Failure   Level  Hunger
a - Flame Tongue          Conj/Fire      ###..        3%          1    None
b - Throw Flame           Conj/Fire      ###...       5%          2    None
c - Fireball              Conj/Fire      ###.......   71%         5    #####..

Your spell library contained the following spells:

 Spells                   Type           Power        Failure   Level  Hunger
 Conjure Flame            Conj/Fire      ###.....     11%         3    #......
 Inner Flame              Hex/Fire       ##......     14%         3    #......
 Sticky Flame             Conj/Fire      ###.....     36%         4    ###....


Dungeon Overview and Level Annotations

Branches:
Dungeon (3/15)

Altars:
Gozag
Ru


Message History

The orc priest is almost dead.
Casting: Throw Flame (safe; 5% risk of failure)
Confirm with . or Enter, or press ? or * to list all spells.
Aiming: Flame Tongue (safe; 3% risk of failure)
Press: ? - help, Shift-Dir - straight line, f/p - orc priest
Aim: an orc priest, wielding a flail (almost dead)
You miscast Flame Tongue.
You are very lightly contaminated with residual magic.
You have a brief vision of globes of primordial fire.
The orc priest hits you with a flail!
* * * LOW HITPOINT WARNING * * *
Casting: Flame Tongue (safe; 3% risk of failure)
Confirm with . or Enter, or press ? or * to list all spells.
Aiming: Throw Flame (safe; 5% risk of failure)
Press: ? - help, Shift-Dir - straight line, f/p - orc priest
Aim: an orc priest, wielding a flail (almost dead)
The puff of flame misses the orc priest.
The orc priest mumbles some strange prayers to Beogh against you.
Pain shoots through your body!
You die...

#.# #..#.[.#. ##########.#######
#..#...#.
######...............[###..'#####
#......#########.####.#.......#
..###### #.####.#.#.##.#### ###
#.#.......o......#
#<#.##.#.#.##.....
#.#.>..#.#.......#
#@o..#.#......#.##
####...###..###.# ##.## #... #.#
#.# ##.#.#.# ###.# #.#.#.# ##.#.#
..# ##....# ##.....## #.......#


You could see an orc priest.

Vanquished Creatures
  An orc wizard (D:3)
  5 adders
  An adder zombie (D:3)
  A worm (D:2)
  2 dart slugs
  4 orcs
  A giant cockroach (D:3)
  6 goblins
  9 hobgoblins
  2 jackals
  A ball python (D:3)
  8 bats
  A frilled lizard (D:1)
  7 kobolds
  5 rats (D:1)
54 creatures vanquished.

Notes
Turn   | Place    | Note
-------+----------+-------------------------------------------
     0 | D:1      | Ponchio the Deep Elf Fire Elementalist began the quest for
                  | the Orb.
     0 | D:1      | Reached XP level 1. HP: 10/10 MP: 6/6
   359 | D:1      | Reached skill level 4 in Spellcasting
   359 | D:1      | Reached XP level 2. HP: 15/15 MP: 7/9
   363 | D:1      | Learned a level 2 spell: Throw Flame
  1169 | D:1      | Reached XP level 3. HP: 19/19 MP: 8/11
  1788 | D:2      | Reached skill level 5 in Spellcasting
  2353 | D:2      | Reached skill level 6 in Spellcasting
  2353 | D:2      | Reached XP level 4. HP: 11/24 MP: 2/14
  3039 | D:3      | Found an opulent altar of Gozag.
  3153 | D:3      | Found a sacrificial altar of Ru.
  3376 | D:3      | Reached skill level 7 in Spellcasting
  3526 | D:3      | Reached XP level 5. HP: 28/28 MP: 11/16
  3563 | D:3      | Learned a level 5 spell: Fireball
  3852 | D:3      | Killed from afar by an orc priest

Skill      XL: |  1  2  3  4 |
---------------+-------------+-----
Spellcasting   | 4 6 7 |  7.1
Dodging        | |  2.4
Stealth        | |  2.4
Conjurations   | |  1.1
Fire Magic     | |  3.3

Action                   |  1- 3 |  4- 6 || total
-------------------------+-------+-------++-------
Melee: Dagger            |     3 |     1 ||     4
 Cast: Flame Tongue      |    32 |    32 ||    64
       Throw Flame       |    41 |    23 ||    64
 Stab: Sleeping          |       |     1 ||     1
  Eat: Chunk             |     1 |     4 ||     5
       Ration            |     1 |       ||     1
Armor: Robe              |     1 |     2 ||     3
Dodge: Dodged            |    12 |    12 ||    24
